 Dungeon Crawl Stone Soup version 0.18.1-1-g2f07953 (webtiles) character file.

7499 Eucla the Severer (level 11, -2/156 HPs)
             Began as a Hill Orc Fighter on May 6, 2016.
             Was a Follower of Okawaru.
             Slain by a 20-headed hydra (8 damage)
             ... on level 10 of the Dungeon.
             The game lasted 00:13:35 (9362 turns).

Eucla the Severer (Hill Orc Fighter)                Turns: 9362, Time: 00:13:36

Health: -2/156     AC: 28    Str: 20    XL:     11   Next: 16%
Magic:  0/11       EV:  2    Int:  8    God:    Okawaru [*.....]
Gold:   300        SH:  0    Dex: 18    Spells: 0 memorised, 10 levels left

rFire  . . .     SeeInvis .     a - +1 war axe
rCold  . . .     Gourm    .     (armour currently unavailable)
rNeg   + + +     Faith    .     (no shield)
rPois  +         Spirit   +     (helmet currently unavailable)
rElec  .         Dismiss  .     (cloak currently unavailable)
rCorr  .         Reflect  .     (gloves currently unavailable)
SustAt .         Harm     .     (boots currently unavailable)
MR     .....     NoTele   +     e - amulet of guardian spirit
Stlth  +++.......               v - +3 ring of protection
                                g - +4 ring of evasion

@: agile, tree-form, very slightly contaminated, hasted, very quick, not
resistant to hostile enchantments, fairly stealthy
A: no striking features
a: Heroism, Renounce Religion


You were on level 10 of the Dungeon.
You worshipped Okawaru.
Okawaru was aware of your devotion.
You were not hungry.
You were a tree.
You visited 2 branches of the dungeon, and saw 11 of its levels.

You collected 489 gold pieces.
You spent 189 gold pieces at shops.

Inventory:

Hand Weapons
 a - a +1 war axe (weapon)
Armour
 b - a +0 scale mail
 B - a +0 chain mail
 G - a +1 plate armour (melded)
 J - a +0 cloak (melded)
Jewellery
 e - an amulet of guardian spirit (around neck)
 g - a +4 ring of evasion (left branch)
 i - an uncursed amulet of dismissal
 n - an uncursed ring of see invisible
 v - a +3 ring of protection (right branch)
Wands
 u - a wand of confusion (38/48)
 D - a wand of slowing (17/48)
 I - a wand of acid (2/15)
 O - a wand of disintegration (15/24)
Scrolls
 k - 5 scrolls of fog
 q - a scroll of enchant armour
 w - 3 scrolls of magic mapping
 y - 3 scrolls of amnesia
 H - 2 scrolls of identify
 K - 2 scrolls of enchant weapon
 M - 5 scrolls of remove curse
 N - 3 scrolls of holy word
Potions
 h - a potion of flight
 j - a potion of berserk rage {unknown}
 l - a potion of haste
 o - 4 potions of curing
 p - a potion of cure mutation {unknown}
 r - a potion of heal wounds
 s - a potion of invisibility
 t - 2 potions of might
 x - 3 potions of resistance
 C - 2 potions of agility
 F - a potion of magic {unknown}
 L - a potion of brilliance {unknown}
Books
 A - a book of Battle

   Spells                             Type                      Level
   a - Infusion                       Charms                       1
   b - Shroud of Golubria             Charms/Translocation         2
   c - Song of Slaying                Charms                       2
   d - Spectral Weapon                Hexes/Charms                 3
   e - Regeneration                   Charms/Necromancy            3
Comestibles
 d - a beef jerky
 f - 6 bread rations
 z - 5 meat rations


   Skills:
 + Level 11.9 Fighting
 * Level 16.9 Axes
 - Level 3.2 Armour
   Level 3.2 Shields


You had 10 spell levels left.
You didn't know any spells.

Dungeon Overview and Level Annotations

Branches:
Dungeon (10/15)            Temple (1/1) D:5            Lair (0/8) D:10
    Orc (0/2) D:9

Altars:
Ashenzari
Cheibriados
Dithmenos
Elyvilon
Fedhas
Gozag
Kikubaaqudgha
Makhleb
Nemelex Xobeh
Okawaru
Pakellas
Qazlal
Ru
Sif Muna
Trog
Vehumet
Xom
Yredelemnul
Zin
The Shining One

Shops:
D:6 ?   D:7 *


Message History

The acid corrodes the 20-headed hydra!
The 20-headed hydra is severely wounded.
This wand has 2 charges left.
The 20-headed hydra bites you.
* * * LOW HITPOINT WARNING * * *
The 20-headed hydra bites you but does no damage. x2
The 20-headed hydra bites you!
* * * LOW HITPOINT WARNING * * *
The 20-headed hydra bites you.
* * * LOW HITPOINT WARNING * * *
The 20-headed hydra bites you.
* * * LOW HITPOINT WARNING * * *
The 20-headed hydra bites you but does no damage. x6
The 20-headed hydra bites you.
* * * LOW HITPOINT WARNING * * *
The 20-headed hydra bites you but does no damage. x4
The 20-headed hydra bites you!
* * * LOW HITPOINT WARNING * * *
The 20-headed hydra bites you but does no damage.
The 20-headed hydra bites you!
You die...

####.######.......#............#
#§# #....................## §#
#...................... #
#..^...................
#.........#####........
#.........# #........
#.........## #####....
###########..........# #.....
.............).D♣....#######.....
######.....##.....#.............#
#########..#######.#.......# #.##
#.......... #.# #########......
##.####.............#
##..#....##########...
##.....######### ##.#
#######....####......## ###


You could see a 20-headed hydra.

Vanquished Creatures
  Erolcha (D:8)
  Pikel (D:6)
  A hill giant (D:9)
  Maurice (D:8)
  Grinder (D:5)
  Sigmund (D:2)
  A hippogriff (D:9)
  A human (D:7)
  A hungry ghost (D:9)
  Menkaure (D:6)
  2 water moccasins
  2 sky beasts
  3 ice beasts
  2 orc warriors (D:9)
  3 slaves (D:6)
  A phantom (D:5)
  3 centaurs
  6 ogres
  A crocodile (D:10)
  A big kobold (D:9)
  9 giant frogs
  2 scorpions (D:7)
  A water moccasin skeleton (D:5)
  4 killer bees (D:7)
  12 howler monkeys
  A crimson imp (D:9)
  A centaur zombie (D:8)
  3 giant frog zombies
  A wasp zombie (D:10)
  6 hounds
  A giant frog skeleton (D:7)
  7 orc priests
  Jessica (D:2)
  7 orc wizards
  Natasha (thrice) (D:3)
  9 worker ants
  4 sheep (D:7)
  A killer bee zombie (D:9)
  A worker ant zombie (D:10)
  9 adders
  3 shadow imps
  5 worms
  2 dart slugs
  8 giant geckos
  48 orcs
  9 bats
  5 giant cockroaches
  7 goblins
  7 hobgoblins
  13 jackals
  2 quokkas
  3 giant newts
  15 kobolds
  A quokka skeleton (D:4)
  6 rats
251 creatures vanquished.

Vanquished Creatures (others)
  A worker ant (D:6)
1 creature vanquished.

Grand Total: 252 creatures vanquished

Notes
Turn   | Place    | Note
--------------------------------------------------------------
     0 | D:1      | Eucla the Hill Orc Fighter began the quest for the Orb.
     0 | D:1      | Reached XP level 1. HP: 19/19 MP: 1/1
   159 | D:1      | Reached skill level 3 in Axes
   279 | D:1      | Reached XP level 2. HP: 20/27 MP: 2/2
   930 | D:2      | Noticed Sigmund
   943 | D:2      | Reached XP level 3. HP: 33/33 MP: 3/3
   946 | D:2      | Reached skill level 4 in Axes
   949 | D:2      | Killed Sigmund
   949 | D:2      | Reached skill level 5 in Fighting
   949 | D:2      | Reached skill level 6 in Axes
   949 | D:2      | Reached XP level 4. HP: 26/42 MP: 2/4
   949 | D:2      | Reached XP level 5. HP: 30/48 MP: 2/5
  1471 | D:2      | Noticed Jessica
  1475 | D:2      | Killed Jessica
  1475 | D:2      | Reached XP level 6. HP: 45/56 MP: 4/6
  1910 | D:2      | Reached skill level 7 in Axes
  2302 | D:3      | Noticed Natasha
  2308 | D:3      | Killed Natasha
  2340 | D:3      | Reached XP level 7. HP: 59/63 MP: 5/7
  2347 | D:3      | Noticed Natasha
  2355 | D:3      | Reached skill level 8 in Axes
  2356 | D:3      | Killed Natasha
  2932 | D:3      | Noticed Natasha
  2945 | D:3      | Killed Natasha
  2959 | D:3      | Found a shimmering altar of Xom.
  3124 | D:3      | Found a glowing golden altar of the Shining One.
  3129 | D:3      | Found a basalt altar of Yredelemnul.
  3131 | D:3      | Noticed a profane servitor
  3400 | D:3      | Noticed an angel
  3735 | D:4      | Reached skill level 9 in Axes
  4002 | D:5      | Entered Level 5 of the Dungeon
  4002 | D:5      | Noticed Grinder
  4017 | D:5      | Killed Grinder
  4017 | D:5      | Reached skill level 10 in Axes
  4017 | D:5      | Reached XP level 8. HP: 54/73 MP: 5/8
  4227 | D:5      | Reached skill level 11 in Axes
  4455 | D:5      | Found a staircase to the Ecumenical Temple.
  4505 | Temple   | Entered the Ecumenical Temple
  4934 | D:5      | Reached XP level 9. HP: 74/82 MP: 9/9
  5231 | D:6      | Reached skill level 12 in Axes
  5428 | D:6      | Found Ulixik's Magic Scroll Boutique.
  5451 | D:6      | Bought a scroll of fear for 49 gold pieces
  5451 | D:6      | Bought a scroll of remove curse for 42 gold pieces
  5451 | D:6      | Bought a scroll of magic mapping for 49 gold pieces
  5451 | D:6      | Bought a scroll of amnesia for 49 gold pieces
  5591 | D:6      | Noticed Menkaure
  5604 | D:6      | Killed Menkaure
  5604 | D:6      | Reached skill level 13 in Axes
  5642 | D:6      | Noticed Pikel
  5657 | D:6      | Killed Pikel
  6028 | D:7      | Got an agate-encrusted chain mail
  6044 | D:7      | Identified the cursed +0 chain mail of Gusch {Dex+4 Stlth+} (You found it on level 7 of the Dungeon)
  6065 | D:7      | Found a shattered altar of Ashenzari.
  6081 | D:7      | Found Geehiz's Assorted Antiques.
  6166 | D:7      | Reached skill level 14 in Axes
  6286 | D:7      | Reached skill level 10 in Fighting
  6288 | D:7      | Reached XP level 10. HP: 83/93 MP: 7/10
  6569 | D:8      | Noticed Maurice
  6604 | D:8      | Killed Maurice
  6838 | D:8      | Reached skill level 15 in Axes
  6876 | D:8      | Noticed Erolcha
  6888 | D:8      | Killed Erolcha
  7033 | D:8      | Found a deep blue altar of Sif Muna.
  7038 | D:8      | Found an iron altar of Okawaru.
  7039 | D:8      | Found a snail-covered altar of Cheibriados.
  7039 | D:8      | Found a white marble altar of Elyvilon.
  7059 | D:8      | Became a worshipper of Warmaster Okawaru
  7906 | D:9      | Reached skill level 16 in Axes
  7924 | D:9      | Reached * piety under Okawaru
  8046 | D:9      | Noticed a hill giant
  8459 | D:9      | Killed a hill giant
  8459 | D:9      | Reached XP level 11. HP: 102/102 MP: 8/11
  8481 | D:9      | Found a staircase to the Orcish Mines.
  8631 | D:10     | Entered Level 10 of the Dungeon
  8858 | D:10     | Noticed a five-headed hydra
  9276 | D:10     | Found a staircase to the Lair.
  9362 | D:10     | HP: 6/156 [20-headed hydra (10)]
  9362 | D:10     | Slain by a 20-headed hydra

Skill      XL: |  1  2  3  4  5  6  7  8  9 10 |
---------------+-------------------------------+-----
Axes           | 3 6 7 10 11 14 16 | 16.9
Fighting       | 4 5 6 7 8 10 11 | 11.9
Armour         | |  3.2
Shields        | |  3.2

Action                   |  1- 3 |  4- 6 |  7- 9 | 10-12 || total
-------------------------+-------+-------+-------+-------++-------
Melee: War axe           |    70 |   132 |   437 |   331 ||   970
       Punch             |       |       |       |     1 ||     1
Invok: Heroism           |       |       |       |     3 ||     3
Evoke: Wand              |       |       |       |     6 ||     6
  Use: Potion            |     1 |       |       |     4 ||     5
       Scroll            |       |       |    16 |     7 ||    23
  Eat: Chunk             |       |     5 |     6 |       ||    11
       Bread ration      |       |       |     1 |       ||     1
       Fruit             |       |       |     3 |       ||     3
       Beef jerky        |       |       |     1 |     2 ||     3
       Royal jelly       |       |       |     1 |       ||     1
       Pizza             |       |       |       |     7 ||     7
Armor: Scale mail        |    33 |    53 |    32 |       ||   118
       Chain mail        |       |       |    62 |       ||    62
       Plate armour      |       |       |   108 |   169 ||   277
       Skin              |       |       |       |    97 ||    97
Dodge: Dodged            |    56 |   116 |   233 |   116 ||   521
